 Dungeon Crawl Stone Soup version 0.31.0-1-g2c135a008e (webtiles) character file.

Game seed: 12759138141607233451

23 qw the Shooter (level 3, -16/28 HPs)
             Began as a Djinni Hunter on Jan 24, 2024.
             Demolished by Sigmund
             ... wielding a +2 heavy scythe
              (20 damage)
             ... on level 2 of the Dungeon.
             The game lasted 00:00:03 (721 turns).

qw the Shooter (Djinni Hunter)                       Turns: 721, Time: 00:00:03

Health: -16/28     AC:  5    Str: 10    XL:     3   Next: 10%
Gold:   47         EV: 11    Int: 10    God:
                   SH:  0    Dex: 18

rFire   + + .        a - +0 shortbow
rCold   x . .        (shield currently unavailable)
rNeg    + . .        d - +0 ring mail
rPois   inf          (no helmet)
rElec   .            (no cloak)
rCorr   .            (no gloves)
SInv    .            (boots unavailable)
Will    .....        (no amulet) Stlth
                     k - ring of positive energy
HPRegen 0.24/turn    (no ring)
MPRegen 0.00/turn

%: infuse magic (-17 HP)
@: confused, flying
A: sickness immunity, fire resistance 2, cold vulnerability 1, float, innate
caster, HP casting, extra vitality 1
a: no special abilities


You were on level 2 of the Dungeon.
You visited 1 branch of the dungeon, and saw 2 of its levels.

You collected 47 gold pieces.


Innate Abilities, Weirdness & Mutations

You are immune to sickness and miasma.
You are immune to poison.
Your flesh is very heat resistant. (rF++)
You are vulnerable to cold. (rC-)
You float through the air rather than walking.
You learn spells naturally, not from books.
Your magical power is your life essence.
You have superior vitality. (+4 MHP)


   Skills:
 - Level 2.0 Fighting
 - Level 4.0 Ranged Weapons
 + Level 0.3 Armour
 - Level 2.1 Dodging
 - Level 0.7 Stealth


You knew the following spells:

 Your Spells              Type           Power      Damage    Failure   Level
a - Sandblast             Erth           0%         2d4       69%         1
Your spell library was empty.

Inventory:

Hand Weapons
 a - a +0 shortbow (weapon)
Armour
 d - a +0 ring mail (worn)
Jewellery
 k - a ring of positive energy (left hand)
Potions
 b - a potion of resistance {unknown}
 h - a potion of enlightenment {unknown}
 i - a potion of invisibility {unknown}
 j - a potion of mutation {unknown}
 l - a potion of heal wounds {unknown}

Dungeon Overview and Level Annotations

Branches:
Dungeon (2/15)

Altars:

Annotations:
D:2 Sigmund


Message History

Found a stone staircase leading up.
Found an escape hatch in the ceiling.
You reach down and open the door.
A giant cockroach is nearby!
You shoot an arrow. The arrow hits the giant cockroach.
You kill the giant cockroach!
There is an open door here.
Found a stone staircase leading down.
Found a stone staircase leading down.
You reach down and open the door.
Found an escape hatch in the floor.
There is an open door here.
There is an open door here.
Found a stone staircase leading down.
b - a glowing green potion Sigmund the Dreaded comes into view.
He is wielding a +2 heavy scythe.
You shoot an arrow. The arrow closely misses Sigmund.
Sigmund gestures at you while chanting.
You are confused.
706 ||| DRINKING potion of curing.
You feel better.
706 ||| (to cure confusion)
You shoot an arrow.
The arrow hits Sigmund but does no damage.
Sigmund casts a spell at you. You resist with some effort.
You shoot an arrow. The arrow hits Sigmund!
Sigmund is moderately wounded.
Sigmund casts a spell at you.
You are confused.
Sigmund barely misses you. Sigmund casts a spell at you.
You are more confused.
Sigmund hits you from afar with a +2 heavy scythe!
Sigmund hits you from afar with a +2 heavy scythe!
Ouch! That really hurt!
Sigmund closely misses you.
Sigmund hits you from afar with a +2 heavy scythe!!
Ouch! That really hurt!
You die...
Sigmund begins carving another notch in his scythe.

######### # #
#.......#....
#....@.@.....
#....>...#...
#............
##........#...
#...####### ..
#.######## .
###.# #...#
#...# #.>.#
#.### #...#


You could see Sigmund.

Vanquished Creatures
  2 ball pythons (D:1)
  2 endoplasms (D:1)
  3 giant cockroaches
  3 goblins (D:1)
  3 hobgoblins (D:1)
  2 kobolds (D:1)
  A bat (D:2)
  A frilled lizard (D:2)
  4 rats (D:1)
21 creatures vanquished.

Notes
Turn   | Place    | Note
-------+----------+-------------------------------------------
     0 | D:1      | qw the Djinni Hunter began the quest for the Orb.
     0 | D:1      | Reached XP level 1. HP: 18/18 MP: 0/0
     0 | D:1      | 0 ||| qw: Version: 0.3-a-136-gdd3b4e8
     0 | D:1      | 0 ||| qw: Game counter: 1267
     0 | D:1      | 0 ||| qw: Melee chars always use a shield: true
     0 | D:1      | 0 ||| qw: God list: Okawaru
     0 | D:1      | 0 ||| qw: Allow faded altars: false
     0 | D:1      | 0 ||| qw: Do Orc after clearing Dungeon:15 true
     0 | D:1      | 0 ||| qw: Do second Lair branch before Depths: true
     0 | D:1      | 0 ||| qw: Lair rune preference: random
     0 | D:1      | 0 ||| qw: Goals: Normal
     0 | D:1      | 0 ||| PLANNING D:1-11
   181 | D:1      | Reached XP level 2. HP: 23/23 MP: 0/0
   257 | D:1      | Found a faded altar of an unknown god.
   482 | D:1      | Reached XP level 3. HP: 28/28 MP: 0/0
   482 | D:1      | Learned a level 1 spell: Sandblast
   557 | D:1      | 557 ||| UPGRADING to +0 ring mail.
   567 | D:1      | 567 ||| DROPPING +0 leather armour.
   568 | D:1      | 568 ||| UPGRADING to ring of positive energy.
   569 | D:1      | 569 ||| READING scroll labelled OMI QOREFOO.
   570 | D:1      | 570 ||| READING scroll labelled CUC ITRADAGOI.
   613 | D:1      | 613 ||| DRINKING 2 clear potions.
   614 | D:1      | 614 ||| DROPPING scroll of butterflies.
   646 | D:2      | Reached skill level 4 in Ranged Weapons
   704 | D:2      | Noticed Sigmund
   706 | D:2      | 706 ||| DRINKING potion of curing.
   706 | D:2      | 706 ||| (to cure confusion)
   716 | D:2      | HP: 3/28 [Sigmund/+2 heavy scythe (15)]
   721 | D:2      | Demolished by Sigmund

Levels and vault maps discovered:
D:1:      lightli_arrival_windingriver, layout_basic,
          hellmonk_ecumenical_altar_blasted
D:2:      layout_rooms, nicolae_elevator_lobby_plus, uniq_sigmund, uniq_terence

Skill      XL: |  1  2  3 |
---------------+----------+-----
Ranged Weapons | 4 |  4.0
Fighting       | |  2.0
Armour         | |  0.3
Dodging        | |  2.1
Stealth        | |  0.7

Action                     || total
---------------------------++-------
   Fire: Shortbow          ||    56
    Use: Scroll            ||     2
         Potion            ||     2
 Armour: Leather armour    ||     2
         Ring mail         ||     8
  Dodge: Dodged            ||     9

Table legend:
 A = Non-vault XP
 B = Vault XP
 C = Vault XP percentage of total XP
 D = Non-vault monster count
 E = Vault monster count
 F = Vault count percentage of total count
                 A         B        C        D         E       F
            +---------+---------+-------+---------+---------+-------
      Total |      33 |       0 |   0.0 |      21 |       0 |   0.0
            +---------+---------+-------+---------+---------+-------
        D:1 |      29 |       0 |   0.0 |      18 |       0 |   0.0
        D:2 |       4 |       0 |   0.0 |       3 |       0 |   0.0
            +---------+---------+-------+---------+---------+-------
